 Dungeon Crawl Stone Soup version 0.21-a0-476-gd103f4b (webtiles) character file.

95749 Laiders the Bludgeoner (level 16, -2/131 HPs)
             Began as a Formicid Fighter on Nov 22, 2017.
             Was the Champion of Okawaru.
             Slain by a six-headed hydra (5 damage)
             ... on level 4 of the Swamp on Nov 23, 2017.
             The game lasted 01:30:59 (25988 turns).

Laiders the Bludgeoner (Formicid Fighter)          Turns: 25988, Time: 01:30:59

Health: -2/131     AC: 27    Str: 27    XL:     16   Next: 64%
Magic:  14/14      EV: 12    Int: 17    God:    Okawaru [******]
Gold:   1346       SH: 33    Dex: 10    Spells: 18/20 levels left

rFire    + . .     SeeInvis +   E - +3 great mace (crush)
rCold    + + +     Gourm    .   T - +6 large shield "Haaki" {MR+ rCorr Int+4 Slay+2}
rNeg     + + .     Faith    .   P - +4 ice dragon scales of Hev Utom {rF- rC++ rN+ Regen+}
rPois    +         Spirit   .   (helmet unavailable)
rElec    +         Reflect  +   N - +1 cloak
rCorr    +         Harm     .   w - +2 pair of gloves of Prudence {rF+}
MR       ++...     Clarity  +   c - +1 pair of boots
Stlth    +.........             W - +4 amulet of reflection
HPRegen  0.71/turn              y - ring "Guhysedy" {rF+ rC+ Str+4}
MPRegen  0.14/turn              Z - ring of Xom's Castigation {rElec rPois rN+ MP-9}

@: very slow
A: permanent stasis, dig shafts and tunnels, four strong arms, antennae 3, claws
1, iridescent scales 1, large bone plates 1, clarity
a: Dig, Shaft Self, Heroism, Finesse, Renounce Religion


You were on level 4 of the Swamp.
You worshipped Okawaru.
Okawaru was exalted by your worship.
You were hungry.

You visited 4 branches of the dungeon, and saw 22 of its levels.
You also visited: Ossuary and Ice Cave.

You collected 1346 gold pieces.

Inventory:

Hand Weapons
 E - a +3 great mace of crushing (weapon)
Missiles
 d - 38 tomahawks (quivered)
Armour
 c - a +1 pair of boots (worn)
 w - the +2 pair of gloves of Prudence (worn) {rF+}
   (Okawaru gifted it to you on level 1 of the Swamp)

   It protects you from fire.
 M - a +4 plate armour of fire resistance
 N - a +1 cloak (worn)
 P - the +4 ice dragon scales of Hev Utom (worn) {rF- rC++ rN+ Regen+}
   (You found it in an ice cave)

   It makes you vulnerable to fire.
   It greatly protects you from cold.
   It protects you from negative energy.
   It increases your rate of regeneration.
 T - the +6 large shield "Haaki" (worn) {MR+ rCorr Int+4 Slay+2}
   (Okawaru gifted it to you on level 3 of the Swamp)

   It affects your intelligence (+4).
   It affects your accuracy and damage with ranged weapons and melee attacks
   (+2).
   It affects your resistance to hostile enchantments.
   It protects you from acid and corrosion.
Jewellery
 q - the ring of Eloptiph {-Tele MR+ Str+9 Int-3 Dex+3}
   (You found it in an ice cave)

   [ring of intelligence]

   It affects your strength (+9).
   It affects your intelligence (-3).
   It affects your dexterity (+3).
   It affects your resistance to hostile enchantments.
   It prevents most forms of teleportation.
 y - the ring "Guhysedy" (left hand) {rF+ rC+ Str+4}
   (You found it on level 7 of the Dungeon)

   [ring of protection from fire]

   It affects your strength (+4).
   It protects you from fire.
   It protects you from cold.
 K - an uncursed ring of flight
 L - a +5 ring of protection
 W - a +4 amulet of reflection (around neck)
 Z - the ring of Xom's Castigation (right hand) {rElec rPois rN+ MP-9}
   (You found it on level 6 of the Lair of Beasts)

   [ring of poison resistance]

   It insulates you from electricity.
   It protects you from poison.
   It protects you from negative energy.
   It affects your magic capacity (-9).
Wands
 n - a wand of enslavement (13)
 u - a wand of disintegration (13)
 z - a wand of random effects (16)
 A - a wand of digging (8)
 J - a wand of flame (22)
 Q - a wand of paralysis (13)
 V - a wand of polymorph (10)
Scrolls
 g - 11 scrolls of identify
 h - 7 scrolls of amnesia
 i - 7 scrolls of fear
 j - 2 scrolls of fog
 m - 3 scrolls of remove curse
 p - 5 scrolls of immolation
 v - 2 scrolls of magic mapping
 R - a scroll of silence
Potions
 a - a potion of resistance
 b - a potion of brilliance
 e - a potion of mutation
 t - 9 potions of curing
 x - 3 potions of ambrosia
 B - 3 potions of magic
 C - 4 potions of agility
 D - 3 potions of flight
 F - a potion of might
 G - 8 potions of lignification
 I - a potion of invisibility
 U - a potion of heal wounds
Books
 r - a book of Callings

   Spells                             Type                      Level
   a - Summon Small Mammal            Summoning                    1
   b - Call Imp                       Summoning                    2
   c - Call Canine Familiar           Summoning                    3
   d - Summon Guardian Golem          Hexes/Summoning              3
   e - Summon Lightning Spire         Summoning/Air                4
   f - Summon Ice Beast               Ice/Summoning                4
 O - a book of Summonings

   Spells                             Type                      Level
   a - Recall                         Summoning/Translocation      3
   b - Aura of Abjuration             Summoning                    5
   c - Summon Demon                   Summoning                    5
   d - Summon Forest                  Summoning/Translocation      5
   e - Summon Mana Viper              Hexes/Summoning              5
   f - Shadow Creatures               Summoning                    6
 X - a book of Beasts

   Spells                             Type                      Level
   a - Summon Butterflies             Summoning                    1
   b - Call Canine Familiar           Summoning                    3
   c - Summon Ice Beast               Ice/Summoning                4
   d - Summon Mana Viper              Hexes/Summoning              5
   e - Summon Hydra                   Summoning                    7
 Y - a book of Cantrips

   Spells                             Type                      Level
   a - Confusing Touch                Hexes                        1
   b - Animate Skeleton               Necromancy                   1
   c - Summon Small Mammal            Summoning                    1
   d - Apportation                    Translocation                1
Miscellaneous
 k - a phantom mirror
 o - 2 sacks of spiders
 S - a fan of gales
Comestibles
 f - 11 bread rations
 l - 20 fruits
 s - 6 meat rations
 H - 5 royal jellies


   Skills:
 * Level 13.3 Fighting
 - Level 16.0 Maces & Flails
 - Level 10.0 Armour
 + Level 7.7 Dodging
 - Level 6.1 Stealth
 * Level 12.2 Shields
 + Level 2.5 Spellcasting
 + Level 2.6 Summonings
 + Level 2.3 Translocations
 - Level 7.0 Invocations
 - Level 10.1 Evocations


You had 18 spell levels left.
You knew the following spells:

 Your Spells              Type           Power        Failure   Level  Hunger
a - Summon Butterflies    Summ           ##......     26%         1    #......
b - Apportation           Tloc           ##....       28%         1    #......


Dungeon Overview and Level Annotations

Branches:
Dungeon (11/15)            Temple (1/1) D:5            Lair (6/6) D:9
  Swamp (4/4) Lair:3       Spider (0/4) Lair:4        Slime (0/5) Lair:6
    Orc (0/2) D:10

Altars:
Ashenzari
Cheibriados
Elyvilon
Fedhas
Hepliaklqana
Kikubaaqudgha
Makhleb
Nemelex Xobeh
Okawaru
Qazlal
Ru
Sif Muna
Trog
Uskayaw
Vehumet
Wu Jian
Xom
Yredelemnul
Zin
The Shining One

Annotations:
Lair:1 exclusion: oklob plant
Lair:5 exclusion: 4 oklob plants
Swamp:4 Lernaean hydra


Innate Abilities, Weirdness & Mutations

You cannot be hasted, slowed, berserked, paralysed or teleported.
You can dig through walls and to a lower floor.
Your four strong arms can wield two-handed weapons with a shield.
You have a pair of large antennae on your head. (SInv)
You have sharp fingernails.
You are partially covered in iridescent scales. (AC +2)
You are partially covered in large bone plates. (SH +4)
You possess an exceptional clarity of mind.


Message History

The six-headed hydra bites you.
* * * LOW HITPOINT WARNING * * *
You block the six-headed hydra's attack. x2
The swamp worm bites you!
* * * LOW HITPOINT WARNING * * *
The eight-headed hydra bites you but does no damage.
The eight-headed hydra bites you!
* * * LOW HITPOINT WARNING * * *
The eight-headed hydra bites you but does no damage.
You block the eight-headed hydra's attack.
The eight-headed hydra barely misses you.
The eight-headed hydra bites you but does no damage. x3
The six-headed hydra bites you.
* * * LOW HITPOINT WARNING * * *
The six-headed hydra bites you!
* * * LOW HITPOINT WARNING * * *
The six-headed hydra misses you. x2
You block the six-headed hydra's attack.
The six-headed hydra bites you.
You die...

♣♣≈#≈.≈.. ≈.#. ≈ #
♣≈≈...#.. ##≈≈. #≈≈
♣≈#.♣§.§. #.≈≈.#≈#≈
#♣♣♣♣.≈♣.♣≈ # #≈.≈.≈≈≈
#≈.♣♣≈≈♣♣.. ≈§#≈≈≈.≈§#
##≈.♣♣≈≈♣♣.
≈#≈≈.§.D≈§#######.♣♣♣≈≈.
≈≈!.≈DDD##≈≈≈##...♣♣≈.♣.
....≈kD@wk.......≈..≈†♣♣
≈#≈.§§##D..≈≈#.≈......≈.
#≈≈≈≈ ##≈.#####.♣≈....≈
##≈# #≈≈### ≈.♣♣≈....≈ #
### ≈.♣♣♣♣♣...≈≈ ♣
♣≈♣....≈≈ ♣♣≈≈≈.#...
♣♣.[≈..≈.≈.
.♣♣≈≈.#..†...


You could see the 27-headed Lernaean hydra, an eight-headed hydra, a
seven-headed hydra, 2 six-headed hydras, a four-headed hydra, a swamp worm and 2
swamp drakes.

Vanquished Creatures
  Jorgrun (Swamp:3)
  Gastronok (Lair:2)
  A thorn hunter (Swamp:1)
  Donald (Swamp:2)
  Aizul (Swamp:2)
  Nessos (Lair:4)
  Snorg (Lair:3)
  10 hydras
  3 ghost crabs
  Erica (D:10)
  9 alligators
  A centaur warrior (D:11)
  2 two-headed ogres (D:9)
  A tengu warrior (D:11)
  Nergalle (Lair:1)
  3 unseen horrors
  A spriggan druid (Swamp:4)
  7 swamp dragons
  A shambling mangrove (Swamp:1)
  The ghost of kae the Ruffian, a novice DrTm (D:6)
  2 manticores (D:11)
  14 ugly things
  4 black mambas
  11 elephants
  11 spiny frogs
  3 ice statues (IceCv)
  2 kobold demonologists
  3 rime drakes
  6 komodo dragons
  A tengu conjurer (D:11)
  3 trolls
  15 hornets
  3 polar bears
  6 tyrant leeches
  4 bog bodies
  12 blink frogs
  A dream sheep (Lair:6)
  18 slime creatures
  10 hippogriffs
  Sigmund (D:3)
  17 spriggans
  3 shadows
  The ghost of Tux the Firebug, an amateur TeFE of Vehumet (D:5)
  4 wyverns
  7 basilisks
  36 yaks
  A wraith (D:11)
  8 vampire mosquitoes
  2 hungry ghosts
  14 swamp worms
  4 insubstantial wisps (Swamp:3)
  24 water moccasins
  6 porcupines
  5 orc warriors
  17 swamp drakes
  11 ice beasts
  2 sky beasts
  9 ogres
  7 black bears
  An eye of draining (D:11)
  22 wolves
  4 boggarts (Lair:6)
  6 centaurs
  2 big kobolds
  6 crocodiles
  14 bullfrogs
  3 water moccasin zombies
  6 scorpions
  6 killer bees (D:9)
  An electric eel (D:10)
  3 howler monkeys
  A wight (D:6)
  6 crimson imps
  2 centaur zombies (D:6)
  2 quasits
  6 orc priests
  4 bullfrog skeletons
  5 jellies
  3 hounds
  3 iguanas
  Terence (D:3)
  Natasha (thrice) (D:4)
  10 orc wizards
  12 worker ants
  5 big kobold zombies (Ossuary)
  A hound zombie (D:7)
  2 hound skeletons
  2 mummies (Ossuary)
  Robin (D:3)
  15 adders
  5 shadow imps
  12 white imps (Lair:1)
  9 adder zombies
  A worm (D:2)
  4 adder skeletons
  A dart slug (D:3)
  8 leopard geckos
  31 orcs
  A ball python (D:7)
  7 giant cockroaches
  15 goblins
  6 hobgoblins
  9 jackals
  2 quokkas (D:8)
  5 bats
  3 frilled lizards
  6 gnoll zombies (Ossuary)
  3 hobgoblin zombies (Ossuary)
  8 kobolds
  8 kobold zombies (Ossuary)
  3 orc zombies (Ossuary)
  2 quokka skeletons
  9 rats
672 creatures vanquished.

Vanquished Creatures (others)
  An alligator (Swamp:4)
  A hornet (Swamp:4)
  A swamp drake (Swamp:4)
  An orc wizard (D:3)
  2 briar patches (Swamp:1)
  5 fungi
  2 plants
13 creatures vanquished.

Grand Total: 685 creatures vanquished

Notes
Turn   | Place    | Note
-------+----------+-------------------------------------------
     0 | D:1      | Laiders the Formicid Fighter began the quest for the Orb.
     0 | D:1      | Reached XP level 1. HP: 18/18 MP: 1/1
   323 | D:1      | Reached XP level 2. HP: 24/24 MP: 2/2
  1009 | D:2      | Reached XP level 3. HP: 28/29 MP: 3/3
  1056 | D:2      | Reached skill level 3 in Maces & Flails
  1121 | D:2      | Found a blossoming altar of Fedhas.
  1231 | D:2      | Reached XP level 4. HP: 5/35 MP: 4/4
  1863 | D:3      | Noticed Sigmund
  1875 | D:3      | Killed Sigmund
  1875 | D:3      | Reached skill level 4 in Maces & Flails
  1875 | D:3      | Reached XP level 5. HP: 26/41 MP: 5/5
  1875 | D:3      | Reached XP level 6. HP: 30/47 MP: 6/6
  2312 | D:3      | Found a glowing silver altar of Zin.
  2781 | D:3      | Noticed Terence
  2799 | D:3      | Killed Terence
  2799 | D:3      | Reached skill level 5 in Maces & Flails
  2799 | D:3      | Reached XP level 7. HP: 48/52 MP: 7/7
  2893 | D:4      | Noticed Robin
  2898 | D:3      | Killed Robin
  3530 | D:4      | Found a white marble altar of Elyvilon.
  3534 | D:4      | Noticed Natasha
  3552 | D:4      | Killed Natasha
  3602 | D:4      | Found a basalt altar of Yredelemnul.
  3640 | D:4      | Noticed Natasha
  3650 | D:4      | Killed Natasha
  3705 | D:4      | Found a radiant altar of Vehumet.
  3707 | D:4      | Noticed Natasha
  3709 | D:4      | Found a deep blue altar of Sif Muna.
  3715 | D:4      | Killed Natasha
  3963 | D:4      | Found a sacrificial altar of Ru.
  4109 | D:5      | Entered Level 5 of the Dungeon
  4176 | D:5      | Reached skill level 6 in Maces & Flails
  4176 | D:5      | Reached XP level 8. HP: 43/58 MP: 8/8
  4561 | D:5      | Found a staircase to the Ecumenical Temple.
  4571 | Temple   | Entered the Ecumenical Temple
  4716 | Temple   | Became a worshipper of Warmaster Okawaru
  4883 | D:5      | Noticed Tux's ghost (amateur TeFE)
  4895 | D:5      | Killed Tux's ghost
  5022 | D:5      | Reached skill level 7 in Maces & Flails
  5583 | D:6      | Noticed kae's ghost (novice DrTm)
  5631 | D:6      | Killed kae's ghost
  5631 | D:6      | Reached * piety under Okawaru
  5631 | D:6      | Reached skill level 9 in Maces & Flails
  5631 | D:6      | Reached XP level 9. HP: 5/64 MP: 9/9
  6208 | D:6      | Found a shattered altar of Ashenzari.
  6396 | D:6      | Reached skill level 10 in Maces & Flails
  6764 | D:6      | Reached ** piety under Okawaru
  6841 | D:6      | Reached skill level 11 in Maces & Flails
  6898 | D:6      | Reached XP level 10. HP: 67/70 MP: 10/10
  7748 | D:7      | Reached skill level 12 in Maces & Flails
  7810 | D:7      | Reached *** piety under Okawaru
  8196 | D:7      | Got a smoking tin ring
  8235 | D:7      | Identified the ring "Guhysedy" {rF+ rC+ Str+4} (You found it on level 7 of the Dungeon)
  8236 | D:7      | Identified 2 scrolls of acquirement
  8239 | D:7      | Got an encrusted shield
  8250 | D:7      | Identified the +5 shield of Wiempyje {Int+2} (You acquired it on level 7 of the Dungeon)
  8421 | D:8      | Found a sand-covered staircase.
  8467 | Ossuary  | Entered an ossuary
  8817 | D:8      | Reached skill level 13 in Maces & Flails
  8871 | D:8      | Reached **** piety under Okawaru
  9233 | D:8      | Noticed an unseen horror
  9254 | D:8      | Noticed a kobold demonologist
  9256 | D:8      | Noticed an ice devil
  9269 | D:8      | Killed a kobold demonologist
  9272 | D:8      | Killed an unseen horror
  9272 | D:8      | Reached XP level 11. HP: 54/75 MP: 9/11
  9361 | D:8      | Identified Itzumi's Almanac of Noxious Lightness
  9406 | D:8      | Reached skill level 14 in Maces & Flails
  9857 | D:9      | Reached skill level 1 in Stealth
  9896 | D:9      | Reached skill level 1 in Evocations
 10277 | D:9      | Noticed an elephant
 10278 | D:9      | Found a staircase to the Lair.
 10317 | D:9      | Killed an elephant
 10573 | D:9      | Reached ***** piety under Okawaru
 10600 | D:9      | Noticed a two-headed ogre
 10612 | D:9      | Killed a two-headed ogre
 10613 | D:9      | Noticed a two-headed ogre
 10623 | D:9      | Killed a two-headed ogre
 10623 | D:9      | Received a gift from Okawaru
 10623 | D:9      | Reached skill level 5 in Fighting
 10623 | D:9      | Reached skill level 5 in Armour
 11138 | D:10     | Entered Level 10 of the Dungeon
 11523 | D:10     | Noticed a soul eater
 11523 | D:10     | Reached skill level 5 in Stealth
 11791 | D:10     | Noticed Erica
 11793 | D:10     | Found a staircase to the Orcish Mines.
 11804 | D:10     | Killed Erica
 11804 | D:10     | Reached XP level 12. HP: 74/87 MP: 13/15
 12420 | D:11     | Noticed a tengu warrior
 12442 | D:11     | Killed a tengu warrior
 12442 | D:11     | Reached skill level 5 in Evocations
 12801 | D:11     | Reached skill level 1 in Invocations
 12867 | D:11     | Noticed an unseen horror
 12884 | D:11     | Killed an unseen horror
 13413 | D:11     | Noticed an unseen horror
 13425 | D:11     | Killed an unseen horror
 13686 | D:11     | Noticed a centaur warrior
 13715 | D:11     | Killed a centaur warrior
 13715 | D:11     | Received a gift from Okawaru
 13977 | D:11     | Found a bloodstained altar of Trog.
 14350 | Lair:1   | Entered Level 1 of the Lair of Beasts
 14576 | Lair:1   | Reached XP level 13. HP: 92/98 MP: 15/18
 14582 | Lair:1   | Reached skill level 5 in Invocations
 14744 | Lair:1   | Found a frozen archway.
 14868 | IceCv    | Entered an ice cave
 15167 | IceCv    | Received a gift from Okawaru
 15651 | IceCv    | Got a clouded glass ring
 15656 | IceCv    | Got twisted ice dragon scales
 15669 | IceCv    | Identified the +4 ice dragon scales of Hev Utom {rF- rC++ rN+ Regen+} (You found it in an ice cave)
 15701 | IceCv    | Identified the cursed ring of Eloptiph {-Tele MR+ Str+9 Int-3 Dex+3} (You found it in an ice cave)
 15964 | Lair:1   | Noticed Nergalle
 15979 | Lair:1   | Killed Nergalle
 16754 | Lair:2   | Noticed a four-headed hydra
 16763 | Lair:2   | Killed a four-headed hydra
 16869 | Lair:2   | Noticed Gastronok
 16891 | Lair:2   | Killed Gastronok
 17583 | Lair:3   | Reached skill level 10 in Armour
 17714 | Lair:3   | Reached skill level 10 in Fighting
 17932 | Lair:3   | Found a staircase to the Swamp.
 18027 | Lair:3   | Noticed Snorg
 18046 | Lair:3   | Killed Snorg
 18046 | Lair:3   | Reached skill level 10 in Evocations
 18319 | Lair:3   | Reached XP level 14. HP: 109/110 MP: 21/21
 18618 | Lair:4   | Noticed Nessos
 18629 | Lair:4   | Killed Nessos
 19103 | Lair:4   | Found a hole to the Spider Nest.
 19135 | Lair:4   | Reached skill level 15 in Maces & Flails
 19401 | Lair:4   | Reached ****** piety under Okawaru
 19654 | Lair:4   | Found the +8 whip "Snakebite" {curare, rPois}
 20072 | Lair:5   | Received a gift from Okawaru
 20072 | Lair:5   | Reached skill level 1 in Dodging
 20076 | Lair:5   | Got a polished flail {god gift}
 20514 | Lair:6   | Entered Level 6 of the Lair of Beasts
 21034 | Lair:6   | Reached skill level 10 in Shields
 21137 | Lair:6   | Got a coiled granite ring
 21312 | Lair:6   | Received a gift from Okawaru
 21347 | Lair:6   | Reached XP level 15. HP: 117/117 MP: 16/22
 21697 | Lair:6   | Learned a level 1 spell: Summon Butterflies
 21762 | Lair:6   | Found a staircase to the Slime Pits.
 22335 | Swamp:1  | Entered Level 1 of the Swamp
 22672 | Swamp:1  | Reached skill level 16 in Maces & Flails
 22712 | Swamp:1  | Identified the ring of Xom's Castigation {rElec rPois rN+ MP-9} (You found it on level 6 of the Lair of Beasts)
 22715 | Swamp:1  | Identified the +7 flail "Raisin" {pain, *Rage rElec rF+ Int+2} (Okawaru gifted it to you on level 5 of the Lair of Beasts)
 23070 | Swamp:1  | Noticed a thorn hunter
 23102 | Swamp:1  | Killed a thorn hunter
 23102 | Swamp:1  | Received a gift from Okawaru
 23102 | Swamp:1  | Reached skill level 5 in Dodging
 23105 | Swamp:1  | Got a pair of faintly humming gloves {god gift}
 23111 | Swamp:1  | Identified the +2 pair of gloves of Prudence {rF+} (Okawaru gifted it to you on level 1 of the Swamp)
 23708 | Swamp:2  | Noticed Aizul
 23739 | Swamp:2  | Killed Aizul
 24019 | Swamp:2  | Noticed Donald
 24058 | Swamp:2  | Killed Donald
 24570 | Swamp:3  | Gained mutation: Potions are less effective at restoring your health. [potion of mutation]
 24570 | Swamp:3  | Gained mutation: Scrolls take you a little longer to read. [potion of mutation]
 24570 | Swamp:3  | Gained mutation: You passively map a small area around you. [potion of mutation]
 24571 | Swamp:3  | Lost mutation: Scrolls take you a little longer to read. [potion of mutation]
 24571 | Swamp:3  | Lost mutation: You passively map a small area around you. [potion of mutation]
 24571 | Swamp:3  | Lost mutation: Potions are less effective at restoring your health. [potion of mutation]
 24571 | Swamp:3  | Gained mutation: You are partially covered in iridescent scales. (AC +2) [potion of mutation]
 24571 | Swamp:3  | Gained mutation: You have sharp fingernails. [potion of mutation]
 24571 | Swamp:3  | Gained mutation: You possess an exceptional clarity of mind. [potion of mutation]
 24571 | Swamp:3  | Gained mutation: You are partially covered in large bone plates. (SH +4) [potion of mutation]
 24696 | Swamp:3  | Noticed Jorgrun
 24722 | Swamp:3  | Killed Jorgrun
 24722 | Swamp:3  | Received a gift from Okawaru
 24831 | Swamp:3  | Reached XP level 16. HP: 129/129 MP: 14/23
 25157 | Swamp:3  | Learned a level 1 spell: Apportation
 25394 | Swamp:4  | Entered Level 4 of the Swamp
 25422 | Swamp:4  | Reached skill level 1 in Spellcasting
 25427 | Swamp:4  | Reached skill level 1 in Summonings
 25433 | Swamp:4  | Reached skill level 1 in Translocations
 25525 | Swamp:3  | Received a gift from Okawaru
 25534 | Swamp:3  | Got a slimy large shield {god gift}
 25545 | Swamp:3  | Identified the +6 large shield "Haaki" {MR+ rCorr Int+4 Slay+2} (Okawaru gifted it to you on level 3 of the Swamp)
 25983 | Swamp:4  | Noticed the 27-headed Lernaean hydra
 25987 | Swamp:4  | HP: 4/131 [six-headed hydra (11)]
 25988 | Swamp:4  | Slain by a six-headed hydra

Vault maps used:
D:1:      dpeg_arrival_line_fractal
D:2:      lemuel_crystal_altar, fedhas_altar_1, nicolae_dithmenos_shadow_blocks,
          bh_walls_and_bars
D:3:      zin_scriptorium, first_bread, kennysheep_generic_room_15,
          uniq_sigmund, uniq_terence
D:4:      kennysheep_ying_yang, lemuel_coloured_pillars_altar,
          grunt_temple_overflow_open, uniq_natasha, uniq_robin
D:5:      minmay_temple_entry_overgrown, minmay_door_square
D:6:      kennysheep_windowed_halls, ashenzari_conservatory_becter
D:8:      minmay_tri_box, nicolae_ossuary_entry_ruins
D:9:      david_lair_generic
D:10:     david_orc_3, uniq_erica
D:11:     basic_altar
Temple:   nicolae_temple_x_marks_the_god
Lair:1:   portal_ice_cave_entry_imps, minmay_lair_oklob_bushes,
          lemuel_fruit_fields, uniq_nergalle
Lair:2:   uniq_gastronok
Lair:3:   swamp_mist, uniq_snorg
Lair:4:   minmay_guarded_unrand_snakebite, spider_nest_entry_a,
          lemuel_fruit_tree, lemuel_fruit_fields, uniq_nessos
Lair:5:   kennysheep_basilisk_garden, minmay_lair_oklob_chamber,
          infiniplex_staircase_pool_2
Lair:6:   minmay_lair_end_enchanted_forest, dpeg_slime_entry_corner,
          infiniplex_staircase_pool, grunt_megastairs_1, serial_bayou_shore_b
Swamp:1:  evilmike_swamp_ruin_house_5, swamp_pool5
Swamp:2:  evilmike_swamp_ruin_house_2, swamp_pool1, uniq_aizul, uniq_donald
Swamp:3:  evilmike_swamp_ruin_house_3, swamp_pool5, uniq_jorgrun
Swamp:4:  swamp_old_school, swamp_pool4
Ossuary:  ossuary_tomb_2
IceCv:    ice_cave_statue_garden_chambered

Skill      XL: |  1  2  3  4  5  6  7  8  9 10 11 12 13 14 15 16 |
---------------+-------------------------------------------------+-----
Shields        | 4 6 7 9 10 12 | 12.2
Maces & Flails | 3 4 5 6 9 11 13 14 15 16 | 16.0
Stealth        | 5 6 |  6.1
Evocations     | 4 6 10 | 10.1
Fighting       | 5 7 10 12 13 | 13.3
Armour         | 5 7 10 | 10.0
Invocations    | 4 5 6 7 |  7.0
Dodging        | 3 6 7 |  7.7
Spellcasting   | 2 |  2.5
Summonings     | 2 |  2.6
Translocations | 2 |  2.3

Action                   |  1- 3 |  4- 6 |  7- 9 | 10-12 | 13-15 | 16-18 || total
-------------------------+-------+-------+-------+-------+-------+-------++-------
Melee: Flail             |    83 |   141 |   376 |       |       |       ||   600
       Mace              |       |       |    89 |   546 |       |       ||   635
       Morningstar       |       |       |       |   223 |   554 |       ||   777
       Whip              |       |       |       |       |   872 |       ||   872
       Great mace        |       |       |       |       |    91 |   287 ||   378
Invok: Heroism           |       |       |     3 |     9 |    17 |     3 ||    32
       Finesse           |       |       |       |     1 |    12 |     3 ||    16
  Use: Potion            |       |     1 |     6 |     3 |     8 |     3 ||    21
       Scroll            |       |     4 |     3 |    17 |    17 |       ||    41
 Stab: Invisible         |       |       |       |       |     1 |       ||     1
       Confused          |       |       |       |       |       |     2 ||     2
  Eat: Chunk             |     1 |     5 |     7 |    26 |    27 |     3 ||    69
       Bread ration      |       |       |     1 |       |       |       ||     1
       Royal jelly       |       |       |     1 |     1 |     1 |       ||     3
       Fruit             |       |       |       |       |     5 |     1 ||     6
Armor: Scale mail        |    36 |    42 |       |    76 |       |       ||   154
       Chain mail        |       |    17 |   204 |    91 |   162 |       ||   474
       Ice dragon scales |       |       |       |       |   259 |   179 ||   438
Dodge: Dodged            |    21 |    45 |   120 |   131 |   320 |   162 ||   799
Block: Shield            |    48 |    98 |   274 |   527 |  1298 |   273 ||  2518
       Reflection        |       |       |       |       |     6 |       ||     6
       Large shield      |       |       |       |       |       |   245 ||   245

Table legend:
 A = Spawn XP
 B = Non-spawn XP
 C = Spawn XP percentage of total XP
 D = Spawn monster count
 E = Non-spawn monster count
 F = Spawn count percentage of total count
 G = Total turns spent on level
                    A         B        C        D         E        F      G
               +---------+---------+-------+---------+---------+-------+---------
         Total |       0 |  136785 |   0.0 |       0 |     674 |   0.0 | 25988
               +---------+---------+-------+---------+---------+-------+---------
           D:1 |       0 |      25 |   0.0 |       0 |      16 |   0.0 |   966
           D:2 |       0 |      59 |   0.0 |       0 |      13 |   0.0 |   894
           D:3 |       0 |     469 |   0.0 |       0 |      34 |   0.0 |  1124
           D:4 |       0 |     308 |   0.0 |       0 |      22 |   0.0 |  1187
           D:5 |       0 |     714 |   0.0 |       0 |      16 |   0.0 |   892
           D:6 |       0 |    2351 |   0.0 |       0 |      36 |   0.0 |  1826
           D:7 |       0 |    1303 |   0.0 |       0 |      24 |   0.0 |  1254
           D:8 |       0 |    3261 |   0.0 |       0 |      30 |   0.0 |  1250
           D:9 |       0 |    4626 |   0.0 |       0 |      31 |   0.0 |  1358
          D:10 |       0 |    2963 |   0.0 |       0 |      32 |   0.0 |  1293
          D:11 |       0 |    9216 |   0.0 |       0 |      34 |   0.0 |  1891
        Lair:1 |       0 |    4834 |   0.0 |       0 |      32 |   0.0 |  1112
        Lair:2 |       0 |    6591 |   0.0 |       0 |      19 |   0.0 |  1161
        Lair:3 |       0 |    5254 |   0.0 |       0 |      22 |   0.0 |   946
        Lair:4 |       0 |    8584 |   0.0 |       0 |      38 |   0.0 |  1429
        Lair:5 |       0 |    3478 |   0.0 |       0 |      17 |   0.0 |   757
        Lair:6 |       0 |   19137 |   0.0 |       0 |      77 |   0.0 |  1714
       Swamp:1 |       0 |   13134 |   0.0 |       0 |      33 |   0.0 |  1195
       Swamp:2 |       0 |   13171 |   0.0 |       0 |      28 |   0.0 |  1030
       Swamp:3 |       0 |   19290 |   0.0 |       0 |      42 |   0.0 |  1067
       Swamp:4 |       0 |   14399 |   0.0 |       0 |      32 |   0.0 |   361
       Ossuary |       0 |     374 |   0.0 |       0 |      35 |   0.0 |   259
         IceCv |       0 |    3244 |   0.0 |       0 |      11 |   0.0 |   866
               +---------+---------+-------+---------+---------+-------+---------
